 Dungeon Crawl Stone Soup version 0.31.0-9-g3a7656b989 (webtiles) character file.

Game seed: 423405090545698124

294 qw the Skirmisher (level 6, 0/35 HPs)
             Began as a Deep Elf Hunter on Feb 2, 2024.
             Slain by Pikel
             ... wielding a +0 whip of freezing
              (2 damage)
             ... on level 4 of the Dungeon.
             The game lasted 00:00:09 (2370 turns).

qw the Skirmisher (Deep Elf Hunter)                 Turns: 2370, Time: 00:00:09

Health: 0/35       AC:  5    Str:  9 (10) XL:     6   Next: 11%
Magic:  8/8        EV: 11    Int: 13 (14) God:
Gold:   148        SH:  0    Dex: 18      Spells: 5/5 levels left

rFire   . . .        a - +0 shortbow
rCold   . . .        (shield currently unavailable)
rNeg    . . .        d - +0 ring mail
rPois   +            (no helmet)
rElec   .            (no cloak)
rCorr   .            (no gloves)
SInv    .            (no boots)
Will    .....        c - amulet of faith
Stlth   +            e - ring of poison resistance
HPRegen 0.25/turn    (no ring)
MPRegen 0.11/turn

%: faith
@: no status effects
A: hooves 1, deterioration 1
a: no special abilities


You were on level 4 of the Dungeon.
You visited 1 branch of the dungeon, and saw 4 of its levels.

You collected 148 gold pieces.


Innate Abilities, Weirdness & Mutations

You have large cloven feet.
Your body sometimes deteriorates upon taking damage.


   Skills:
 + Level 1.8 Fighting
 - Level 9.6 Ranged Weapons
 - Level 2.4 Dodging
 - Level 1.2 Stealth


You had 5 spell levels left.
You didn't know any spells.
Your spell library was empty.

Inventory:

Hand Weapons
 a - a +0 shortbow (weapon)
Armour
 d - a +0 ring mail (worn)
Jewellery
 c - an amulet of faith (around neck)
 e - a ring of poison resistance (left hand)
 g - an amulet of the acrobat
Potions
 b - a potion of brilliance {unknown}
 f - a potion of curing {unknown}

Dungeon Overview and Level Annotations

Branches:
Dungeon (4/15)
 Temple: D:4-7

Altars:
Dithmenos

Annotations:
D:4 Pikel


Message History

The lemure is almost dead.
The lemure hits you.
The lemure hits the bush but does no damage.
Pikel hits something with a +0 whip of freezing.
Pikel freezes something.
You shoot an arrow.
The arrow hits the lemure but does no damage.
The lemure is almost dead.
You hear a shout!
The lemure closely misses you.
A lemure comes into view.
The lemure hits the bush but does no damage.
Pikel says, "It's all about the gold, really."
The lemure hits the bush but does no damage.
You shoot an arrow. The arrow hits Pikel.
Pikel is lightly wounded.
The lemure hits the bush but does no damage. x2
The lemure hits something but does no damage.
You shoot an arrow. The arrow closely misses Pikel.
The arrow hits the lemure but does no damage.
The lemure is moderately wounded.
Pikel hits you with a +0 whip of freezing.
Your body deteriorates!
You feel weakened. Pikel freezes you.
The lemure hits the bush but does no damage.
The lemure hits the bush.
The lemure hits something but does no damage.
The lemure completely misses the bush.
Pikel hits you with a +0 whip of freezing!
Pikel freezes you.
The lemure hits the bush but does no damage.
You shoot an arrow.
The arrow hits Pikel but does no damage.
Pikel is lightly wounded.
The lemure hits something.
The lemure hits the bush but does no damage. x2
Pikel hits you with a +0 whip of freezing.
Pikel freezes you.
You die...
Pikel says, "Another soul for the market."

## .. #7. #P.
#### 7.777....#
7P5555# .
####77KP7..).# .
...#@#.# #K.
#.####.#.#.#
....##...#.#
###.#.##..##.#
#.#.#.##..# .#
#<#.#....## .#
#.#.#....# .#
#.##.#.P.####
#.......7.......


You could see Pikel and 4 lemures.

Vanquished Creatures
  Sigmund (D:3)
  3 adders
  3 dart slugs
  A ribbon worm (D:2)
  6 orcs
  6 ball pythons
  6 endoplasms
  5 giant cockroaches
  4 goblins (D:1)
  4 hobgoblins (D:1)
  3 jackals (D:2)
  3 quokkas (D:1)
  7 bats
  5 frilled lizards
  5 kobolds
  6 rats
68 creatures vanquished.

Notes
Turn   | Place    | Note
-------+----------+-------------------------------------------
     0 | D:1      | qw the Deep Elf Hunter began the quest for the Orb.
     0 | D:1      | Reached XP level 1. HP: 12/12 MP: 3/3
     0 | D:1      | 0 ||| qw: Version: 0.3-a-155-g5e7d8dd
     0 | D:1      | 0 ||| qw: Game counter: 1117
     0 | D:1      | 0 ||| qw: Melee chars always use a shield: true
     0 | D:1      | 0 ||| qw: God list: Okawaru
     0 | D:1      | 0 ||| qw: Allow faded altars: false
     0 | D:1      | 0 ||| qw: Do Orc after clearing Dungeon:15 true
     0 | D:1      | 0 ||| qw: Do second Lair branch before Depths: true
     0 | D:1      | 0 ||| qw: Lair rune preference: random
     0 | D:1      | 0 ||| qw: Goals: Normal
     0 | D:1      | 0 ||| PLANNING D:1-11
   115 | D:1      | Reached XP level 2. HP: 16/16 MP: 4/4
   148 | D:1      | Reached skill level 6 in Ranged Weapons
   559 | D:1      | Reached XP level 3. HP: 19/20 MP: 5/5
   973 | D:1      | 973 ||| UPGRADING to amulet of the acrobat.
   978 | D:1      | 978 ||| READING scroll labelled HEIXUPNACU.
  1014 | D:1      | 1014 ||| READING 2 scrolls labelled TAOTSARPHINN.
  1015 | D:1      | 1015 ||| DROPPING scroll of butterflies.
  1016 | D:1      | 1016 ||| DROPPING scroll of fog.
  1110 | D:2      | Reached skill level 7 in Ranged Weapons
  1271 | D:2      | Reached XP level 4. HP: 25/25 MP: 6/6
  1661 | D:2      | 1661 ||| FLEEEEING.
  1662 | D:2      | 1662 ||| FLEEEEING.
  1663 | D:2      | 1663 ||| FLEEEEING.
  1664 | D:2      | 1664 ||| FLEEEEING.
  1665 | D:2      | 1665 ||| FLEEEEING.
  1666 | D:2      | 1666 ||| FLEEEEING.
  1668 | D:2      | 1668 ||| FLEEEEING.
  1720 | D:2      | 1720 ||| UPGRADING to +0 scale mail.
  1730 | D:2      | 1730 ||| DROPPING +0 leather armour.
  1731 | D:2      | 1731 ||| UPGRADING to +0 ring mail.
  1741 | D:2      | 1741 ||| DROPPING +0 scale mail.
  1742 | D:2      | 1742 ||| READING scroll labelled KURHIGI AJIH.
  1743 | D:2      | 1743 ||| READING scroll labelled AMYOROV CAPA.
  1743 | D:2      | 1743 ||| IDENTIFYING cyan potion
  1744 | D:2      | 1744 ||| READING 2 scrolls labelled VICLUU ROVU.
  1745 | D:2      | 1745 ||| DRINKING 2 white potions.
  1746 | D:2      | 1746 ||| DRINKING 2 metallic cyan potions.
  1746 | D:2      | Gained mutation: You are strong-willed. (Will+) [potion of
                  | mutation]
  1746 | D:2      | Gained mutation: You occasionally lose the ability to read
                  | scrolls when taking damage. [potion of mutation]
  1746 | D:2      | Gained mutation: You have a pair of small horns on your
                  | head. [potion of mutation]
  1752 | D:2      | 1752 ||| DRINKING potion of mutation.
  1752 | D:2      | Lost mutation: You occasionally lose the ability to read
                  | scrolls when taking damage. [potion of mutation]
  1752 | D:2      | Lost mutation: You are strong-willed. (Will+) [potion of
                  | mutation]
  1752 | D:2      | Lost mutation: You have a pair of small horns on your head.
                  | [potion of mutation]
  1752 | D:2      | Gained mutation: Your body sometimes deteriorates upon
                  | taking damage. [potion of mutation]
  1752 | D:2      | Gained mutation: You have large cloven feet. [potion of
                  | mutation]
  1753 | D:2      | 1753 ||| DROPPING potion of ambrosia.
  1754 | D:2      | 1754 ||| DROPPING scroll of summoning.
  1849 | D:3      | Found a shadowy altar of Dithmenos.
  1861 | D:3      | Noticed Sigmund
  1899 | D:3      | HP: 4/25 [Sigmund/+0 scythe (7)]
  1900 | D:3      | 1900 ||| DRINKING potion of heal wounds.
  1905 | D:3      | Killed Sigmund
  1906 | D:3      | Reached skill level 9 in Ranged Weapons
  1906 | D:3      | Reached XP level 5. HP: 20/29 MP: 7/7
  1906 | D:3      | Reached XP level 6. HP: 24/34 MP: 8/8
  2278 | D:3      | 2278 ||| UPGRADING to amulet of faith.
  2288 | D:3      | 2288 ||| UPGRADING to ring of poison resistance.
  2349 | D:4      | 2349 ||| RETREEEEATING.
  2353 | D:4      | Noticed Pikel
  2354 | D:4      | 2354 ||| RETREEEEATING.
  2357 | D:4      | 2357 ||| RETREEEEATING.
  2369 | D:4      | HP: 7/35 [Pikel/+0 whip of freezing (8)]
  2370 | D:4      | HP: 2/35 [Pikel/+0 whip of freezing (3)]
  2370 | D:4      | Slain by Pikel

Levels and vault maps discovered:
D:1:      dpeg_arrival_boxes_within_box, layout_basic
D:2:      layout_loops_ring
D:3:      layout_basic, lemuel_crystal_altar, uniq_sigmund
D:4:      layout_basic, mainiacjoe_overflow_six_doors_small,
          minmay_temple_entry_arrows, serial_forest, infiniplex_forest_lined_3,
          infiniplex_forest_corner_1, infiniplex_forest_clump_medium,
          infiniplex_forest_lined_3, infiniplex_forest_clump_C,
          infiniplex_forest_corner_1, infiniplex_forest_end_3,
          infiniplex_forest_lined_3_way, kennysheep_generic_room_2, uniq_pikel

Skill      XL: |  1  2  3  4 |
---------------+-------------+-----
Ranged Weapons | 6 7 9 |  9.6
Fighting       | |  1.8
Dodging        | |  2.4
Stealth        | |  1.2

Action                     |  1- 3 |  4- 6 || total
---------------------------+-------+-------++-------
   Fire: Shortbow          |   130 |    96 ||   226
    Use: Scroll            |     2 |     3 ||     5
         Potion            |       |     4 ||     4
 Armour: Leather armour    |    29 |     5 ||    34
         Ring mail         |       |    22 ||    22
  Dodge: Dodged            |    32 |    34 ||    66

Table legend:
 A = Non-vault XP
 B = Vault XP
 C = Vault XP percentage of total XP
 D = Non-vault monster count
 E = Vault monster count
 F = Vault count percentage of total count
                 A         B        C        D         E       F
            +---------+---------+-------+---------+---------+-------
      Total |     161 |     259 |  61.7 |      67 |       1 |   1.5
            +---------+---------+-------+---------+---------+-------
        D:1 |      56 |       0 |   0.0 |      34 |       0 |   0.0
        D:2 |      71 |       0 |   0.0 |      22 |       0 |   0.0
        D:3 |      34 |     259 |  88.4 |      11 |       1 |   8.3
            +---------+---------+-------+---------+---------+-------
